 Dungeon Crawl Stone Soup version 0.30-a0-1160-g6e42c06551 (webtiles) character file.

Game seed: 5969606351059388180

2 jasper the Shield-Bearer (level 1, 0/14 HPs)
             Began as a Demigod Wanderer on Apr 25, 2023.
             Frozen to death by an endoplasm (4 damage)
             ... on level 1 of the Dungeon.
             The game lasted 00:00:25 (67 turns).

jasper the Shield-Bearer (Demigod Wanderer)           Turns: 67, Time: 00:00:26

Health: 0/14       AC:  2    Str: 13    XL:     1   Next: 26%
Magic:  4/4        EV: 10    Int: 15    God:
Gold:   0          SH:  4    Dex: 12    Spells: 1/2 levels left

rFire   . . .        a - +0 club
rCold   . . .        c - +0 buckler
rNeg    . . .        e - +0 robe
rPois   .            (no helmet)
rElec   .            (no cloak)
rCorr   .            (no gloves)
SInv    .            (no boots)
Will    .....        (no amulet)
Stlth   +            (no ring)
HPRegen 0.22/turn    (no ring)
MPRegen 0.09/turn

%: no passive effects
@: no status effects
A: high MP 1, forlorn, divine attributes
a: no special abilities


You were on level 1 of the Dungeon.
You visited 1 branch of the dungeon, and saw 1 of its levels.

Inventory:

Hand Weapons
 a - a +0 club (weapon)
Armour
 c - a +0 buckler (worn)
 e - a +0 robe (worn)
Scrolls
 b - a scroll of fear
 f - a scroll of blinking
Potions
 d - a potion of berserk rage


   Skills:
 - Level 1.0 Throwing
 - Level 1.0 Armour
 * Level 2.8 Shields
 - Level 1.7 Unarmed Combat
 - Level 1.0 Spellcasting
 + Level 1.8 Summonings


You had one spell level left.
You knew the following spells:

 Your Spells              Type           Power      Damage    Failure   Level
a - Summon Small Mammal   Summ           24%        N/A       16%         1

Your spell library contained the following spells:

 Spells                   Type           Power      Damage    Failure   Level
 Call Canine Familiar     Summ           6%         N/A       43%         3


Dungeon Overview and Level Annotations

Branches:
Dungeon (1/15)


Innate Abilities, Weirdness & Mutations

You have an increased reservoir of magic. (+10% MP)
You shall have no god before yourself.
Your divine heritage dramatically boosts your attributes as you level up.


Message History

Health restored: 14 An endoplasm comes into view.
Found a twisted iron ring.
The endoplasm quivers.
An endoplasm is nearby!
An endoplasm is nearby!
The endoplasm freezes you.
You are frozen.
You take 4 damage, and have 10/14 hp.
MASSIVE DAMAGE!!
You hit the endoplasm.
The endoplasm is moderately wounded.
The endoplasm barely misses you.
You hit the endoplasm but do no damage.
The endoplasm is moderately wounded.
The endoplasm closely misses you.
You hit the endoplasm.
The endoplasm is severely wounded.
The endoplasm freezes you.
You are frozen.
You block the endoplasm's attack.
You take 2 damage, and have 9/14 hp.
You barely miss the endoplasm.
The endoplasm is severely wounded.
The endoplasm hits you.
You take 1 damage, and have 8/14 hp.
You hit the endoplasm but do no damage.
The endoplasm is severely wounded.
The endoplasm closely misses you.
You hit the endoplasm but do no damage.
The endoplasm is severely wounded.
The endoplasm freezes you.
You are frozen.
The endoplasm freezes you.
You are frozen.
* * * LOW HITPOINT WARNING * * *
You take 5 damage, and have 4/14 hp.
MASSIVE DAMAGE!!
You barely miss the endoplasm.
The endoplasm is severely wounded.
The endoplasm freezes you.
You are frozen.
You die...

##. #≈. #######
#≈=≈ #......#
#≈.≈ #......#
###≈≈≈##+#......#
......(.........#
................#
......J@........#
................+
##.....#.#......#
#.....#.#......#
#.....#.#......#
#.....#.#......#
#.....#.#......#
........##†#####
############.#


You could see an endoplasm.

Vanquished Creatures
  A dart slug (D:1)
1 creature vanquished.

Notes
Turn   | Place    | Note
-------+----------+-------------------------------------------
     0 | D:1      | jasper the Demigod Wanderer began the quest for the Orb.
     0 | D:1      | jasper set off with the following items: a +0 club, a
                  | scroll of fear, a +0 buckler, a potion of berserk rage, a
                  | +0 robe, a scroll of blinking; and the following spell
                  | memorised: Summon Small Mammal; and the following spells
                  | available to memorise: Call Canine Familiar.
     0 | D:1      | Reached XP level 1. HP: 14/14 MP: 4/4
    67 | D:1      | Frozen to death by an endoplasm

Illustrated notes

Levels and vault maps discovered:
D:1:      minmay_arrival_plants_in_alcoves, layout_basic, serial_shops,
          nicolae_shop_real_fake_doors, serial_rivers,
          chequers_serial_rivers_micro_c, chequers_serial_rivers_micro_a,
          chequers_serial_rivers_micro_d, chequers_serial_rivers_micro_e,
          chequers_serial_rivers_small_a

Action                     || total
---------------------------++-------
  Melee: Club              ||    22
   Cast: Summon Small Mamm ||     1
 Armour: Robe              ||     4
  Dodge: Dodged            ||     9
  Block: Buckler           ||     3

Table legend: (Time is in decaauts)
 A = Elapsed time spent in this place.
 B = Non-inter-level travel time spent in this place.
 C = Inter-level travel time spent in this place.
 D = Time resting spent in this place.
 E = Time spent auto-exploring this place.
 F = Levels seen in this place.
 G = Mean time per level.
                   A        B        C        D        E       F      G
               +--------+--------+--------+--------+--------+-----+--------+
         Total |     74 |     74 |      0 |      0 |     27 |   1 |   74.0 |
       Dungeon |     74 |     74 |      0 |      0 |     27 |   1 |   74.0 |
               +--------+--------+--------+--------+--------+-----+--------+

Top non-repeatable levels by time:
     D:1: 74 daAuts
